 Dungeon Crawl Stone Soup version 0.25-a0-308-geac79542e2 (webtiles) character file.

Game seed: 563240074424237981, levelgen mode: deterministic

363 Glalom the Poker (level 6, -6/47 HPs)
             Began as a Merfolk Skald on Dec 21, 2019.
             Was an Initiate of Fedhas.
             Mangled by a centaur (9 damage)
             ... on level 5 of the Dungeon.
             The game lasted 00:15:02 (5052 turns).

Glalom the Poker (Merfolk Skald)                    Turns: 5052, Time: 00:15:03

Health: -6/47      AC:  5    Str: 12    XL:     6   Next: 67%
Magic:  9/9        EV: 18    Int: 12    God:    Fedhas [......]
Gold:   230        SH:  0    Dex: 20    Spells: 3/9 levels left

rFire    . . .     SeeInvis .   a - +0 spear
rCold    . . .     Gourm    .   (no shield)
rNeg     . . .     Faith    .   b - +0 leather armour
rPois    .         Spirit   .   (no helmet)
rElec    .         Reflect  .   k - +0 cloak
rCorr    .         Harm     .   f - +0 pair of gloves
MR       .....                  (no boots)
Stlth    +++.......             (no amulet)
HPRegen  0.15/turn              (no ring)
MPRegen  0.11/turn              (no ring)

@: agile
A: change form in water, swift swim, stealthy swim
a: Renounce Religion


You were on level 5 of the Dungeon.
You worshipped Fedhas.
Fedhas was noncommittal.
You were very hungry.

You visited 1 branch of the dungeon, and saw 5 of its levels.

You collected 230 gold pieces.

Inventory:

Hand Weapons
 a - a +0 spear (weapon)
 m - a +1 fustibalus of flaming
Armour
 b - a +0 leather armour (worn)
 f - a +0 pair of gloves (worn)
 k - a +0 cloak (worn)
Jewellery
 r - an uncursed amulet of regeneration {unknown}
Wands
 o - a wand of paralysis (17)
 t - a wand of iceblast (7)
 u - a wand of enslavement (7)
Scrolls
 c - 2 scrolls of amnesia
 g - 3 scrolls of identify
 h - 4 scrolls of enchant weapon {unknown}
 i - a scroll of noise
 n - a scroll of enchant armour {unknown}
 p - a scroll of remove curse
 s - a scroll of random uselessness {unknown}
Potions
 e - a potion of degeneration {unknown}
 j - 2 potions of resistance {unknown}
 l - 2 potions of curing
 q - 3 potions of agility
Comestibles
 d - 7 rations


   Skills:
 - Level 3.0 Fighting
 + Level 5.5 Polearms
 - Level 0.6 Armour
 - Level 2.6 Dodging
 - Level 2.0 Spellcasting
 * Level 2.5 Hexes
 - Level 5.0 Charms
 - Level 2.1 Translocations


You had 3 spell levels left.
You knew the following spells:

 Your Spells              Type           Power        Failure   Level  Hunger
a - Infusion              Chrm           ##..         4%          1    ##.....
b - Shroud of Golubria    Chrm/Tloc      #.....       12%         2    ###....
c - Spectral Weapon       Hex/Chrm       ##......     22%         3    ####...

Your spell library contained the following spells:

 Spells                   Type           Power        Failure   Level  Hunger
 Song of Slaying          Chrm           ##......     7%          2    ###....
 Regeneration             Chrm/Necr      #.........   36%         3    ####...


Dungeon Overview and Level Annotations

Branches:
Dungeon (5/15)
 Temple: D:4-7

Altars:
Fedhas

Annotations:
D:4 Sigmund


Message History

The centaur is heavily wounded.
The centaur hits you.
* * * LOW HITPOINT WARNING * * *
You hit the centaur.
The centaur is severely wounded.
The centaur hits you but does no damage.
You barely miss the centaur.
The centaur is severely wounded.
The centaur misses you.
It was a potion of agility.
You feel agile all of a sudden. The centaur closely misses you.
The centaur misses you.
You hit the centaur.
The centaur is almost dead.
The centaur closely misses you.
You hit the centaur.
The centaur is almost dead.
The centaur hits you!
You die...
Fedhas appreciates your contribution to the ecosystem.

#............
##...######.. .. ##.##
#. .# #.# #..##.# #)# #
.....# ##'## #.##.#..#
##...## ......# #.....##
##.#c###.# .......##
##...@....#
.......<####...#(######
........'..(((.(........
........####...#.#######
.......## ##.##.#
#.....## ####.# ##...##
#.# ....## #)# ###.# ..#


You could see a centaur.

Vanquished Creatures
  A hound (D:4)
  Ijyb (D:3)
  Jessica (D:3)
  Natasha (D:3)
  3 orc wizards
  7 adders
  2 oozes (D:3)
  A worm (D:4)
  A dart slug (D:2)
  5 leopard geckos
  12 orcs
  10 bats
  3 giant cockroaches
  6 goblins
  11 hobgoblins
  5 jackals
  4 kobolds
  A quokka (D:3)
  A ball python (D:3)
  3 frilled lizards
  A jackal skeleton (D:4)
  8 rats
88 creatures vanquished.

Vanquished Creatures (others)
  A fungus (D:3)
1 creature vanquished.

Grand Total: 89 creatures vanquished

Notes
Turn   | Place    | Note
-------+----------+-------------------------------------------
     0 | D:1      | Glalom the Merfolk Skald began the quest for the Orb.
     0 | D:1      | Reached XP level 1. HP: 16/16 MP: 3/3
   335 | D:1      | Reached XP level 2. HP: 22/22 MP: 0/5
  1318 | D:2      | Reached XP level 3. HP: 29/29 MP: 0/6
  1330 | D:2      | Learned a level 2 spell: Shroud of Golubria
  2263 | D:3      | Reached XP level 4. HP: 35/35 MP: 7/7
  2393 | D:3      | Reached skill level 1 in Translocations
  2840 | D:3      | Reached XP level 5. HP: 26/41 MP: 4/8
  2863 | D:3      | HP: 2/41 [orc wizard/magic dart (1)]
  3003 | D:3      | Noticed Jessica
  3086 | D:3      | Killed Jessica
  3099 | D:3      | Learned a level 3 spell: Spectral Weapon
  3139 | D:3      | Reached skill level 5 in Charms
  3146 | D:3      | Noticed Ijyb
  3170 | D:3      | Killed Ijyb
  3170 | D:3      | Reached skill level 1 in Hexes
  3425 | D:3      | Found a blossoming altar of Fedhas.
  3537 | D:3      | Became a worshipper of Fedhas Madash
  3540 | D:3      | Paralysed by a hobgoblin for 5 turns
  3710 | D:3      | Noticed Natasha
  3715 | D:3      | Reached XP level 6. HP: 47/47 MP: 3/9
  3719 | D:3      | Killed Natasha
  4562 | D:4      | Reached skill level 5 in Polearms
  4684 | D:4      | Noticed Sigmund
  4874 | D:5      | Entered Level 5 of the Dungeon
  5047 | D:5      | HP: 2/47 [centaur (6)]
  5052 | D:5      | Mangled by a centaur

Levels and vault maps discovered:
D:1:      dpeg_arrival_prison, layout_loops_ring, st_stairs_10, minivault_24,
          hex_tiny
D:2:      layout_rooms, minivault_5, minmay_cut_off
D:3:      layout_basic, fedhas_altar_3, minmay_goblin_kobold_house,
          uniq_jessica, uniq_ijyb, uniq_natasha
D:4:      layout_gridville, grunt_decor_resistance, palyth_stone_intersect,
          uniq_sigmund
D:5:      layout_loops_corners, chequers_temple_overflow_minitemple,
          kennysheep_mini_moat, grunt_temple_overflow_diamond, first_ration

Skill      XL: |  1  2  3  4  5  6 |
---------------+-------------------+-----
Polearms       | 4 5 |  5.5
Fighting       | 3 |  3.0
Charms         | 4 5 |  5.0
Translocations | 2 |  2.1
Hexes          | 1 2 |  2.5
Armour         | |  0.6
Dodging        | |  2.6
Spellcasting   | |  2.0

Action                   |  1- 3 |  4- 6 || total
-------------------------+-------+-------++-------
Melee: Spear             |   140 |   243 ||   383
       Unarmed           |       |    16 ||    16
 Cast: Infusion          |     7 |    14 ||    21
       Shroud of Golubri |       |     5 ||     5
  Use: Scroll            |       |     4 ||     4
       Potion            |       |     5 ||     5
 Stab: Sleeping          |     1 |       ||     1
  Eat: Chunk             |     4 |     9 ||    13
Armor: Leather armour    |    37 |    55 ||    92
       Skin              |       |     3 ||     3
Dodge: Dodged            |    74 |   148 ||   222

Table legend:
 A = Non-vault XP
 B = Vault XP
 C = Vault XP percentage of total XP
 D = Non-vault monster count
 E = Vault monster count
 F = Vault count percentage of total count
                 A         B        C        D         E       F
            +---------+---------+-------+---------+---------+-------
      Total |     391 |     128 |  24.7 |      74 |      14 |  15.9
            +---------+---------+-------+---------+---------+-------
        D:1 |      21 |       8 |  27.6 |      10 |       6 |  37.5
        D:2 |      49 |       1 |   2.0 |      19 |       1 |   5.0
        D:3 |     187 |     119 |  38.9 |      31 |       7 |  18.4
        D:4 |      87 |       0 |   0.0 |      10 |       0 |   0.0
        D:5 |      47 |       0 |   0.0 |       4 |       0 |   0.0
            +---------+---------+-------+---------+---------+-------
